 Dungeon Crawl Stone Soup version 0.32-a0-818-gb728d0252e (webtiles) character file.

Game seed: 14248503956841209841

5933 shadizar the Thaumaturge (level 11, -5/76 HPs)
             Began as a Djinni Hedge Wizard on Mar 23, 2024.
             Was a Follower of Makhleb.
             Slain by a black mamba (11 damage)
             ... on level 1 of the Lair of Beasts.
             The game lasted 00:19:35 (11599 turns).

shadizar the Thaumaturge (Djinni Hedge Wizard)     Turns: 11599, Time: 00:19:36

Health: -5/76      AC:  8    Str:  9    XL:     11   Next: 9%
Gold:   490        EV: 34    Int: 20    God:    Makhleb [*.....] SH:  0 Dex: 13

rFire   + + +        K - staff of fire
rCold   . . .        (no shield)
rNeg    . . .        F - +0 steam dragon scales
rPois   ∞            n - +0 helmet
rElec   .            y - +1 cloak
rCorr   .            (no gloves)
SInv    .            (boots unavailable)
Will    +....        G - amulet of the acrobat
Stlth   +++          i - +5 ring of evasion
HPRegen 0.32/turn    o - ring of protection from cold
MPRegen 0.00/turn

%: acrobat, infuse magic (-6 HP)
@: acrobatic, flying
A: sickness immunity, fire resistance 2, cold vulnerability 1, float, innate
caster, HP casting, extra vitality 1
a: Renounce Religion


You were on level 1 of the Lair of Beasts.
You worshipped Makhleb.
Makhleb was aware of your devotion.
You visited 3 branches of the dungeon, and saw 11 of its levels.
You also visited: Sewer.

You collected 490 gold pieces.

Inventory:

Armour
 n - a +0 helmet (worn)
 y - a +1 cloak (worn)
 C - a +0 ring mail of positive energy
 F - +0 steam dragon scales (worn)
Magical Staves
 K - a staff of fire (weapon)
Jewellery
 i - a +5 ring of evasion (left hand)
 j - a ring of resist corrosion
 o - a ring of protection from cold (right hand)
 u - a ring of protection from cold
 A - an amulet of faith
 G - an amulet of the acrobat (around neck)
Wands
 x - a wand of flame (39)
 D - a wand of quicksilver (5)
 E - a wand of paralysis (19)
 J - a wand of roots (5)
Scrolls
 h - 6 scrolls of teleportation
 l - 4 scrolls of blinking
 m - 4 scrolls of enchant armour
 p - 3 scrolls of revelation
 q - 3 scrolls of noise
 s - 3 scrolls of immolation
 v - 3 scrolls of fear
 L - 2 scrolls of amnesia
Potions
 a - a potion of heal wounds {unknown}
 b - a potion of attraction {unknown}
 e - 3 potions of resistance
 g - 3 potions of lignification {unknown}
 k - 2 potions of berserk rage {unknown}
 r - a potion of curing
 t - 4 potions of might {unknown}
 B - a potion of ambrosia {unknown}
 H - a potion of enlightenment {unknown}
 M - a potion of magic {unknown}
Miscellaneous
 c - a box of beasts (inert)
 z - a lightning rod (3/4)


   Skills:
 + Level 6.2 Fighting
 + Level 7.3 Dodging
 + Level 4.9 Stealth
 - Level 10.0 Spellcasting
 - Level 10.0 Conjurations
 - Level 10.0 Hexes
 - Level 10.0 Summonings
 - Level 10.0 Necromancy
 - Level 10.0 Translocations
 - Level 10.0 Fire Magic
 - Level 10.0 Ice Magic
 - Level 10.0 Air Magic
 - Level 10.0 Earth Magic
 - Level 10.0 Alchemy


You knew the following spells:

 Your Spells              Type           Power      Damage    Failure   Level
a - Magic Dart            Conj           100%       1d8       1%          1
b - Slow                  Hex            100%       N/A       1%          1
c - Blink                 Tloc           100%       N/A       1%          2
d - Call Imp              Summ           100%       N/A       1%          2
e - Mephitic Cloud        Conj/Alch/Air  50%        N/A       1%          3
f - Summon Small Mammal   Summ           100%       N/A       1%          1
g - Lesser Beckoning      Tloc           100%       N/A       1%          2
h - Tukima's Dance        Hex            50%        N/A       1%          3
i - Animate Armour        Summ/Erth      100%       N/A       1%          4
j - Iskenderun's Mystic   Conj/Tloc      50%        2d11      1%          4
Your spell library was empty.

Dungeon Overview and Level Annotations

Branches:
Dungeon (9/15)             Temple (1/1) D:7            Lair (1/5) D:8
  Sewer (visited)
    Orc: D:9-12

Altars:
Ashenzari
Cheibriados
Elyvilon
Fedhas
Gozag
Hepliaklqana
Makhleb
Nemelex Xobeh
Okawaru
Qazlal
Ru
Trog
Uskayaw
Wu Jian
Xom
Yredelemnul
Zin
The Shining One

Shops:
D:2 [   D:7 (

Annotations:
D:8 2 transporters


Innate Abilities, Weirdness & Mutations

You are immune to sickness and miasma.
You are immune to poison.
Your flesh is very heat resistant. (rF++)
You are vulnerable to cold. (rC-)
You float through the air rather than walking.
You learn spells naturally, not from books.
Your magical power is your life essence.
You have superior vitality. (+4 MHP)


Message History

The stinking cloud engulfs the cane toad.
The cane toad is severely wounded.
The stinking cloud engulfs the black mamba.
The stinking cloud engulfs you.
The stinking cloud engulfs the elephant.
* * * LOW HITPOINT WARNING * * *
The black mamba misses you. The cane toad stings you!!
* * * LOW HITPOINT WARNING * * *
The elephant is engulfed in noxious fumes.
Unknown command.
Unknown command.
Unknown command.
Unknown command.
Unknown command.
Unknown command.
Unknown command.
Unknown command.
Unknown command.
Unknown command.
The black mamba completely misses you.
The cane toad attacks as it pursues you!
The cane toad completely misses you.
The elephant is engulfed in noxious fumes.
The black mamba attacks as it pursues you!
The black mamba completely misses you. The black mamba closely misses you.
The elephant is engulfed in noxious fumes.
The elephant appears confused.
The black mamba attacks as it pursues you!
The black mamba completely misses you.
The elephant is engulfed in noxious fumes.
The elephant appears confused.
The black mamba completely misses you. The cane toad completely misses you.
You hear the steady crackling of a very distant melting archway.
The elephant is engulfed in noxious fumes.
The elephant appears confused.
The black mamba misses you.
The elephant is engulfed in noxious fumes.
The elephant appears confused.
The black mamba attacks as it pursues you!
The black mamba bites you!
You die...

##.#####.###.######P,,,,
#............##P#...,,,,
#.........÷.........,,,,
#...................,,,*
#P.......÷.<÷.......,,,*
##.......÷..........,,,*
##.................,,,,
#......##.........,,,,
#P...@.###........,*,,
##.).S#.###P#.####**,,
##.F.########### *,,
#....########## *,,
##....#P#.## *,*
#Y........# ***
#P§☼○.....# *
##§§§Y#...#* *
##.§#Y....# **


You could see 2 elephants, a black mamba and a cane toad.

Vanquished Creatures
  A hornet (D:5)
  A troll (D:8)
  5 yaks
  A steam dragon (D:6)
  A vampire mosquito (D:8)
  An acid dragon (D:8)
  3 water moccasins
  2 sky beasts
  4 black bears
  An orc warrior (D:8)
  3 ogres
  2 phantoms (D:6)
  2 kobold brigands (D:7)
  6 bullfrogs
  2 scorpions
  5 wights
  A howler monkey (D:7)
  6 hounds
  3 orc priests
  A jelly (D:5)
  2 gnoll boudas
  Natasha (D:2)
  6 orc wizards
  2 hell rats (D:7)
  Robin (D:2)
  10 gnolls
  13 adders
  2 river rats
  A shadow imp (D:5)
  3 ribbon worms
  9 dart slugs
  27 orcs
  15 endoplasms
  12 giant cockroaches
  17 goblins
  6 hobgoblins
  4 quokkas
  19 ball pythons
  5 bats
  11 frilled lizards
  18 kobolds
  4 rats
239 creatures vanquished.

Vanquished Creatures (collateral kills)
  A cane toad (Lair:1)
  A polar bear (Lair:1)
  2 vampire mosquitoes (D:9)
  An orc warrior (D:8)
  3 wolves (Lair:1)
  An orc priest (D:8)
  An orc wizard (D:9)
  An endoplasm (D:4)
11 creatures vanquished.

Grand Total: 250 creatures vanquished

Notes
Turn   | Place    | Note
-------+----------+-------------------------------------------
     0 | D:1      | shadizar the Djinni Hedge Wizard began the quest for the
                  | Orb.
     0 | D:1      | shadizar set off with the following spells memorised: Magic
                  | Dart, Slow, Blink, Call Imp, Mephitic Cloud.
     0 | D:1      | Reached XP level 1. HP: 15/15 MP: 0/0
   164 | D:1      | Reached XP level 2. HP: 16/21 MP: 0/0
   472 | D:1      | Reached XP level 3. HP: 23/25 MP: 0/0
   472 | D:1      | Learned a level 1 spell: Summon Small Mammal
  1063 | D:2      | Found Teg Rerch's Antique Armour Emporium.
  1310 | D:2      | Noticed Natasha
  1314 | D:2      | Noticed Robin
  1323 | D:2      | HP: 1/25 [cerulean imp/+0 spear[Natasha] (5)]
  1332 | D:2      | Reached XP level 4. HP: 4/31 MP: 0/0
  1455 | D:2      | Killed Robin
  1632 | D:2      | Killed Natasha
  1669 | D:2      | Reached XP level 5. HP: 34/35 MP: 0/0
  1669 | D:2      | Learned a level 2 spell: Lesser Beckoning
  1879 | D:3      | Found a sparkling altar of Nemelex Xobeh.
  1970 | D:3      | Found a white marble altar of Elyvilon.
  2009 | D:3      | Found a faded altar of an unknown god.
  2488 | D:3      | Reached skill level 5 in Spellcasting
  2488 | D:3      | Reached skill level 5 in Conjurations
  2488 | D:3      | Reached skill level 5 in Hexes
  2488 | D:3      | Reached skill level 5 in Summonings
  2488 | D:3      | Reached skill level 5 in Necromancy
  2488 | D:3      | Reached skill level 5 in Translocations
  2488 | D:3      | Reached skill level 5 in Fire Magic
  2488 | D:3      | Reached skill level 5 in Ice Magic
  2488 | D:3      | Reached skill level 5 in Air Magic
  2488 | D:3      | Reached skill level 5 in Earth Magic
  2488 | D:3      | Reached skill level 5 in Alchemy
  2575 | D:3      | Reached XP level 6. HP: 24/40 MP: 0/0
  2816 | D:4      | Found a glowing drain.
  3107 | Sewer    | Entered a sewer
  3568 | Sewer    | Reached XP level 7. HP: 37/45 MP: 0/0
  3568 | Sewer    | Learned a level 3 spell: Tukima's Dance
  4285 | D:5      | Entered Level 5 of the Dungeon
  4294 | D:5      | Reached XP level 8. HP: 44/50 MP: 0/0
  5266 | D:5      | Noticed a hornet
  5283 | D:5      | Killed a hornet
  5284 | D:5      | Reached XP level 9. HP: 38/55 MP: 0/0
  5284 | D:5      | Learned a level 4 spell: Animate Armour
  6448 | D:6      | Reached skill level 10 in Spellcasting
  6448 | D:6      | Reached skill level 10 in Conjurations
  6448 | D:6      | Reached skill level 10 in Hexes
  6448 | D:6      | Reached skill level 10 in Summonings
  6448 | D:6      | Reached skill level 10 in Necromancy
  6448 | D:6      | Reached skill level 10 in Translocations
  6448 | D:6      | Reached skill level 10 in Fire Magic
  6448 | D:6      | Reached skill level 10 in Ice Magic
  6448 | D:6      | Reached skill level 10 in Air Magic
  6448 | D:6      | Reached skill level 10 in Earth Magic
  6448 | D:6      | Reached skill level 10 in Alchemy
  6622 | D:7      | Reached skill level 1 in Fighting
  7329 | D:7      | Found an ornate altar of the Wu Jian Council.
  7382 | D:7      | Reached XP level 10. HP: 63/67 MP: 0/0
  7487 | D:7      | Found a snail-covered altar of Cheibriados.
  7539 | D:7      | Found a staircase to the Ecumenical Temple.
  7680 | Temple   | Entered the Ecumenical Temple
  7767 | Temple   | Became a worshipper of Makhleb the Destroyer
  8095 | D:7      | Found Deyngotu's Weapon Boutique.
  8244 | D:8      | Noticed a death yak
  8697 | D:8      | Noticed a death yak
  8701 | D:8      | Reached skill level 5 in Dodging
  9130 | D:8      | Found a staircase to the Lair.
 10035 | D:8      | Reached * piety under Makhleb
 10161 | D:8      | Found a transporter.
 10256 | D:8      | Found a transporter.
 10374 | D:8      | Reached skill level 5 in Fighting
 10860 | D:9      | Noticed a cyclops
 11292 | Lair:1   | Entered Level 1 of the Lair of Beasts
 11301 | Lair:1   | Noticed a cane toad
 11318 | Lair:1   | Killed a cane toad
 11319 | Lair:1   | Reached XP level 11. HP: 19/76 MP: 0/0
 11319 | Lair:1   | Learned a level 4 spell: Iskenderun's Mystic Blast
 11583 | Lair:1   | Noticed an elephant
 11584 | Lair:1   | Noticed an elephant
 11591 | Lair:1   | Noticed an elephant
 11591 | Lair:1   | Noticed an elephant
 11599 | Lair:1   | Slain by a black mamba

Illustrated notes

Levels and vault maps discovered:
D:1:      dpeg_arrival_chambers_temple_mockup, layout_loops_ring,
          minmay_pentomino_o4
D:2:      layout_rooms, serial_shops, shop, uniq_natasha, uniq_robin
D:3:      layout_rooms, mainiacjoe_overflow_chevrons, elyvilon_altar_5,
          serial_curves, eino_curves_01, eino_curves_03, eino_curves_04,
          eino_curves_03, basic_ecumenical_altar, dreamdust_mushroom_princess,
          minmay_unequal
D:4:      layout_rooms, portal_sewer_entry_a, kennysheep_opposing_triangles
D:5:      layout_loops_cross
D:6:      layout_loops_ring
D:7:      layout_basic, marbit_many_paths, slow_altar_2,
          minmay_temple_entry_drinking_statues, serial_shops,
          nicolae_lakefront_shop
D:8:      layout_cave_pods, dpeg_lair_monsters, serial_column_ruins,
          column_ruins_pillar_7, column_ruins_pillar_6, column_ruins_pillar_9,
          column_ruins_pillar_2, column_ruins_pillar_2, column_ruins_pillar_5,
          column_ruins_pillar_1, column_ruins_pillar_5, column_ruins_pillar_1,
          column_ruins_pillar_12, column_ruins_pillar_2, column_ruins_pillar_9,
          nicolae_diode_stairs
D:9:      minmay_statue_hallways, layout_long_grid,
          mainiacjoe_overflow_boulevard, uniq_prince_ribbit1
Temple:   minmay_crystal_spiral_temple
Lair:1:   gammafunk_indiana_jones, layout_hall_layers, portal_ice_cave_rime,
          eino_small_chamber_without_monster

Skill      XL: |  1  2  3  4  5  6  7  8  9 10 |
---------------+-------------------------------+-----
Spellcasting   | 4 5 6 7 8 10 | 10.0
Conjurations   | 4 5 6 7 8 10 | 10.0
Hexes          | 4 5 6 7 8 10 | 10.0
Summonings     | 4 5 6 7 8 10 | 10.0
Necromancy     | 4 5 6 7 8 10 | 10.0
Translocations | 4 5 6 7 8 10 | 10.0
Fire Magic     | 4 5 6 7 8 10 | 10.0
Ice Magic      | 4 5 6 7 8 10 | 10.0
Air Magic      | 4 5 6 7 8 10 | 10.0
Earth Magic    | 4 5 6 7 8 10 | 10.0
Alchemy        | 4 5 6 7 8 10 | 10.0
Fighting       | 3 6 |  6.2
Dodging        | 4 7 |  7.3
Stealth        | 4 |  4.9

Action                     |  1- 3 |  4- 6 |  7- 9 | 10-12 || total
---------------------------+-------+-------+-------+-------++-------
  Melee: Staff             |       |       |       |     4 ||     4
   Cast: Magic Dart        |    87 |   213 |   347 |   289 ||   936
         Mephitic Cloud    |     1 |     7 |    26 |    47 ||    81
         Lesser Beckoning  |       |     1 |       |     2 ||     3
         Call Imp          |       |     1 |     1 |     6 ||     8
         Animate Armour    |       |       |     1 |     7 ||     8
         Slow              |       |       |       |     1 ||     1
  Evoke: Box of beasts     |       |       |       |     1 ||     1
         Lightning rod     |       |       |       |     1 ||     1
    Use: Potion            |     1 |       |       |     5 ||     6
         Scroll            |       |       |       |    11 ||    11
 Armour: Robe              |    11 |    26 |    26 |       ||    63
         Steam dragon scal |       |       |    19 |    93 ||   112
  Dodge: Dodged            |     7 |    33 |    90 |   247 ||   377

Table legend: (Time is in decaauts)
 A = Elapsed time spent in this place.
 B = Non-inter-level travel time spent in this place.
 C = Inter-level travel time spent in this place.
 D = Time resting spent in this place.
 E = Time spent auto-exploring this place.
 F = Levels seen in this place.
 G = Mean time per level.
                   A        B        C        D        E       F      G
               +--------+--------+--------+--------+--------+-----+--------+
         Total |  11610 |  11217 |    393 |      0 |   8755 |  12 |  967.5 |
       Dungeon |  10520 |  10289 |    231 |      0 |   8113 |   9 | 1168.9 |
        Temple |    174 |     12 |    162 |      0 |      0 |   1 |  174.0 |
          Lair |    306 |    306 |      0 |      0 |    214 |   1 |  306.0 |
         Sewer |    608 |    608 |      0 |      0 |    428 |   1 |  608.0 |
               +--------+--------+--------+--------+--------+-----+--------+

Top non-repeatable levels by time:
     D:7: 2360 daAuts
     D:8: 1987 daAuts
     D:6: 1301 daAuts
     D:5: 1156 daAuts
     D:1: 1111 daAuts
     D:3: 1052 daAuts
     D:4: 775 daAuts
     D:2: 737 daAuts
   Sewer: 608 daAuts
  Lair:1: 306 daAuts
  Temple: 174 daAuts
     D:9: 38 daAuts
